 Dungeon Crawl Stone Soup version 0.30-a0-122-g2a1322497e (webtiles) character file.

Game seed: 4716077556406604821

107 SensoryNuts the Cudgeller (level 4, -2/67 HPs)
             Began as a Troll Fighter on Sept 16, 2022.
             Slain by an ufetubus (3 damage)
             ... on level 4 of the Dungeon.
             The game lasted 00:02:52 (2304 turns).

SensoryNuts the Cudgeller (Troll Fighter)           Turns: 2304, Time: 00:02:53

Health: -2/67      AC:  4    Str: 26    XL:     4   Next: 57%
Magic:  3/3        EV: 10    Int:  4    God:
Gold:   142        SH:  0    Dex:  9    Spells: 3/3 levels left

rFire   . . .      SeeInvis .    a - +1 flail
rCold   . . .      Faith    .    (no shield)
rNeg    . . .      Spirit   .    b - +0 robe
rPois   .          Reflect  .    (helmet restricted)
rElec   .          Harm     .    (no cloak)
rCorr   .          Rampage  .    (gloves unavailable)
Will    .....                    (boots unavailable)
Stlth   ..........               (no amulet)
HPRegen 1.01/turn                (no ring)
MPRegen 0.08/turn                (no ring)

@: mighty, berserking, very quick
A: large, unfitting armour, claws 3, regeneration 1, shaggy fur 1, tough skin 1
a: no special abilities


You were on level 4 of the Dungeon.
You visited 1 branch of the dungeon, and saw 4 of its levels.

You collected 142 gold pieces.

Inventory:

Hand Weapons
 a - a +1 flail (weapon)
Armour
 b - a +0 robe (worn)
Wands
 c - a wand of quicksilver (4)
Scrolls
 j - 2 scrolls of amnesia {unknown}
 l - a scroll of fear {unknown}
 m - 2 scrolls of teleportation {unknown}
 n - a scroll of noise {unknown}
 o - a scroll of blinking {unknown}
Potions
 e - 2 potions of ambrosia
 g - 2 potions of brilliance
 h - a potion of curing {unknown}
 i - a potion of mutation {unknown}
 k - a potion of flight {unknown}


   Skills:
 + Level 3.0 Fighting
 * Level 3.4 Maces & Flails
 + Level 2.7 Dodging
 + Level 3.0 Shields


You had 3 spell levels left.
You didn't know any spells.
Your spell library contained the following spells:

 Spells                   Type           Power      Damage    Failure   Level
 Shock                    Conj/Air       0%         1d3       50%         1
 Swiftness                Air            0%         N/A       86%         3
 Airstrike                Air            0%         2d(0-16)  99%         4


Dungeon Overview and Level Annotations

Branches:
Dungeon (4/15)
 Temple: D:4-7

Altars:
Kikubaaqudgha
Vehumet
The Shining One

Annotations:
D:4 Sigmund


Innate Abilities, Weirdness & Mutations

You are too large for most types of armour.
You have claws for hands.
Your natural rate of healing is unusually fast.
You are covered in fur. (AC +1)
You have tough skin. (AC +1)


Message History

The ufetubus barely misses you.
You closely miss the ufetubus.
The ufetubus is lightly wounded.
The ufetubus hits you.
* * * LOW HITPOINT WARNING * * *
The ufetubus hits you.
* * * LOW HITPOINT WARNING * * *
The ufetubus hits you.
* * * LOW HITPOINT WARNING * * *
The ufetubus barely misses you.
You feel very mighty all of a sudden.
The ufetubus hits you but does no damage.
The ufetubus closely misses you.
You closely miss the ufetubus.
The ufetubus is lightly wounded.
The ufetubus hits you.
* * * LOW HITPOINT WARNING * * *
The ufetubus barely misses you.
A gnoll sergeant comes into view. It is wielding a +0 trident.
The ufetubus hits you but does no damage.
The ufetubus hits you.
* * * LOW HITPOINT WARNING * * *
Okay, then.
It was a potion of berserk rage.
A red film seems to cover your vision as you go berserk!
You feel yourself moving faster!
You feel mighty! The ufetubus closely misses you.
The ufetubus hits you but does no damage. x2
The ufetubus barely misses you.
You completely miss the ufetubus.
The ufetubus is lightly wounded.
Something hits you!
* * * LOW HITPOINT WARNING * * *
The ufetubus closely misses you. x2
You closely miss the ufetubus.
The ufetubus is lightly wounded.
The howler monkey hoots and howls with incredible vigour!
The ufetubus hits you but does no damage.
The ufetubus hits you.
You die...

... #. #... #.# ##
#.... ## #..# ###.
..... .# #..#.##..
...... .# #..#..:#
#.... .# #..##.##..#.#
####### ###...h5@....#
###~.~###......#######
# .~..~ #......#
#########......#
............####
.###.....†..# ##
#........#
####........#
##..........#


You could see a howler monkey and an ufetubus.

Vanquished Creatures
  3 adders
  2 worms (D:2)
  A dart slug (D:2)
  7 orcs (D:3)
  3 bats
  10 endoplasms
  2 giant cockroaches (D:2)
  3 goblins
  4 hobgoblins
  6 jackals
  3 quokkas
  8 ball pythons
  2 frilled lizards (D:1)
  2 kobolds
  5 rats
61 creatures vanquished.

Vanquished Creatures (others)
  10 fungi (D:4)
10 creatures vanquished.

Grand Total: 71 creatures vanquished

Notes
Turn   | Place    | Note
-------+----------+-------------------------------------------
     0 | D:1      | SensoryNuts the Troll Fighter began the quest for the Orb.
     0 | D:1      | Reached XP level 1. HP: 22/22 MP: 0/0
   124 | D:1      | Reached XP level 2. HP: 29/29 MP: 1/1
   624 | D:1      | Found a faded altar of an unknown god.
   797 | D:2      | Reached XP level 3. HP: 3/36 MP: 2/2
  1315 | D:2      | Found an ancient bone altar of Kikubaaqudgha.
  1371 | D:2      | Reached XP level 4. HP: 44/44 MP: 3/3
  1528 | D:3      | Identified the +4 war axe "Esseck" {spect, rC+ rN+ rCorr
                  | Str-5}
  1591 | D:3      | Found a radiant altar of Vehumet.
  1591 | D:3      | Found a glowing golden altar of the Shining One.
  2289 | D:4      | Noticed Sigmund
  2301 | D:4      | Noticed a gnoll sergeant
  2303 | D:4      | HP: 1/67 [something (11)]
  2304 | D:4      | Slain by an ufetubus

Illustrated notes

Levels and vault maps discovered:
D:1:      dpeg_arrival_line_fractal, layout_basic,
          hellmonk_ecumenical_altar_inner_sanctum
D:2:      layout_loops_cross, basic_altar, bh_walls_and_bars
D:3:      layout_loops_cross, nicolae_overflow_two_pavilions, moated_statue,
          nicolae_concentric_dashed_squares_wild, minivault_14
D:4:      layout_basic, minmay_temple_entry_nine_rooms, serial_aquarium,
          aquarium_bridge_straight [aquarium_subvault_bridge,
          aquarium_subvault_wall, aquarium_subvault_bridge,
          aquarium_subvault_wall], aquarium_bridge_long_separate
          [aquarium_subvault_window, aquarium_subvault_bridge,
          aquarium_subvault_bridge, aquarium_subvault_bridge,
          aquarium_subvault_bridge, aquarium_subvault_window],
          aquarium_window_1, aquarium_window_double, aquarium_window_1,
          aquarium_view_2e, minmay_manual_mess, uniq_sigmund

Skill      XL: |  1  2  3  4 |
---------------+-------------+-----
Maces & Flails | 2 3 |  3.4
Shields        | 3 |  3.0
Fighting       | 3 |  3.0
Dodging        | |  2.7

Action                   |  1- 3 |  4- 6 || total
-------------------------+-------+-------++-------
Melee: Flail             |   128 |    81 ||   209
       Punch             |     1 |       ||     1
  Use: Scroll            |       |     4 ||     4
       Potion            |       |     2 ||     2
Armor: Robe              |    47 |    34 ||    81
Dodge: Dodged            |    50 |    42 ||    92
Block: Kite shield       |    42 |       ||    42

Table legend: (Time is in decaauts)
 A = Elapsed time spent in this place.
 B = Non-inter-level travel time spent in this place.
 C = Inter-level travel time spent in this place.
 D = Time resting spent in this place.
 E = Time spent auto-exploring this place.
 F = Levels seen in this place.
 G = Mean time per level.
                   A        B        C        D        E       F      G
               +--------+--------+--------+--------+--------+-----+--------+
         Total |   2372 |   2372 |      0 |      0 |   1807 |   4 |  593.0 |
       Dungeon |   2372 |   2372 |      0 |      0 |   1807 |   4 |  593.0 |
               +--------+--------+--------+--------+--------+-----+--------+

Top non-repeatable levels by time:
     D:2: 770 daAuts
     D:1: 741 daAuts
     D:3: 691 daAuts
     D:4: 169 daAuts
